 Dungeon Crawl Stone Soup version 0.19.4-8-ga85b6b9 (webtiles) character file.

52 Kosschaser the Skirmisher (level 3, -6/29 HPs)
             Began as a Demonspawn Abyssal Knight on Feb 13, 2017.
             Was a Follower of Lugonu.
             Mangled by a gnoll
             ... wielding a +0 spear
              (11 damage)
             ... on level 2 of the Dungeon.
             The game lasted 00:09:45 (1768 turns).

Kosschaser the Skirmisher (DsAK)                    Turns: 1768, Time: 00:09:46

Health: -6/29      AC:  3    Str: 13    XL:     3   Next: 60%
Magic:  4/4        EV: 11    Int: 13    God:    Lugonu [*.....]
Gold:   114        SH:  0    Dex: 12    Spells: 0 memorised, 2 levels left

rFire  . . .     SeeInvis .     a - +1 falchion
rCold  + . .     Gourm    .     b - +0 leather armour
rNeg   . . .     Faith    .     (no shield)
rPois  .         Spirit   .     (no helmet)
rElec  .         Reflect  .     (no cloak)
rCorr  .         Harm     .     (no gloves)
MR     .....                    (no boots)
Stlth  +.........               (no amulet)
                                (no ring)
                                (no ring)

@: no status effects
A: cold resistance 1, demonic guardian 1
a: Depart the Abyss, Renounce Religion


You were on level 2 of the Dungeon.
You worshipped Lugonu.
Lugonu was aware of your devotion.
You were very hungry.

You visited 1 branch of the dungeon, and saw 2 of its levels.
You visited the Abyss 1 time.

You collected 114 gold pieces.

Inventory:

Hand Weapons
 a - a +1 falchion (weapon)
Armour
 b - a +0 leather armour (worn)
Jewellery
 k - an uncursed amulet of faith {unknown}
 m - a cursed -2 ring of dexterity {unknown}
Scrolls
 l - a scroll of teleportation {unknown}
Potions
 e - a potion of brilliance {unknown}
 f - a potion of haste
 h - a potion of heal wounds {unknown}
 i - a potion of flight {unknown}
 j - a potion of magic {unknown}
Comestibles
 c - 4 bread rations
 d - 2 fruits
 g - a beef jerky


   Skills:
 + Level 3.6 Fighting
 + Level 2.6 Long Blades
 + Level 1.9 Armour
 + Level 1.3 Dodging
 + Level 2.6 Invocations


You had 2 spell levels left.
You didn't know any spells.

Dungeon Overview and Level Annotations

Branches:
Dungeon (2/15)

Altars:


Innate Abilities, Weirdness & Mutations

Your flesh is cold resistant. (rC+)
A weak demonic guardian rushes to your aid.


Message History

Lugonu accepts your kill.
The gnoll hits you from afar with a spear.
The gnoll barely misses you.
You riposte.
You closely miss the gnoll.
Things that are here:
a dagger; a giant cockroach corpse You hit the gnoll.
The gnoll is heavily wounded.
The gnoll hits you with a spear.
You barely miss the gnoll.
The gnoll is heavily wounded.
The gnoll misses you.
You closely miss the gnoll.
The gnoll is heavily wounded.
The gnoll hits you with a spear.
You slash the gnoll!
The gnoll is almost dead.
The gnoll hits you with a spear.
* * * LOW HITPOINT WARNING * * *
The gnoll hits you with a spear!
You die...

.######...#>....###.##########,*
.###.........................#.#
..........#.?...###.###.####.#.#
###..##..###...####.# #.# #.#.# #
#..##.............#*#.#* #.#.# #
#..##.##.....<.####*...* #.#.# #
#..##.##.##.##.# *...* #.#.# #
#..##.##†##.##.# #...# #.#.# #
#..##.##....##@# **#...###.#.##
#..##........#g# *,,,#......#..
##..##..#..#..#.# *,#...###.#)#.
##...##..#.......##*,##.##*#.#g#.
......#....#......#*.##...,..#.#.
##...###..###.....##.##..#####.#.
##.####.#* ##............,,,..#.
#...##[## ##....#.##..#***###.
#.......## ##....##,##..# #.


You could see a gnoll.

Vanquished Creatures
  A gnoll (D:2)
  A worm (D:2)
  A leopard gecko (D:1)
  3 giant cockroaches
  6 goblins
  4 hobgoblins
  A quokka (D:2)
  6 bats
  3 frilled lizards (D:1)
  2 kobolds
  4 rats
32 creatures vanquished.

Vanquished Creatures (collateral kills)
  A gnoll (D:2)
1 creature vanquished.

Grand Total: 33 creatures vanquished

Notes
Turn   | Place    | Note
-------+----------+-------------------------------------------
     0 | Abyss:1  | Kosschaser the Demonspawn Abyssal Knight began the quest for the Orb.
     0 | Abyss:1  | Reached XP level 1. HP: 18/18 MP: 2/2
    13 | D:1      | Escaped the Abyss
   104 | D:1      | Reached * piety under Lugonu
   110 | D:1      | Reached skill level 1 in Dodging
   475 | D:1      | Gained mutation: A weak demonic guardian rushes to your aid. [demonic ancestry]
   475 | D:1      | Reached XP level 2. HP: 22/24 MP: 3/3
  1208 | D:2      | Gained mutation: Your flesh is cold resistant. (rC+) [demonic ancestry]
  1208 | D:2      | Reached XP level 3. HP: 28/29 MP: 4/4
  1768 | D:2      | Mangled by a gnoll

Skill      XL: |  1  2 |
---------------+-------+-----
Dodging        | 1 |  1.3
Long Blades    | 2 |  2.6
Fighting       | |  3.6
Armour         | |  1.9
Invocations    | |  2.6

Action                   || total
-------------------------++-------
Melee: Falchion          ||   107
Invok: Depart the Abyss  ||     1
  Use: Scroll            ||     3
       Potion            ||     1
  Eat: Chunk             ||     2
Armor: Leather armour    ||    31
Dodge: Dodged            ||    82
       Rpst.: Falchion   ||    25
